 Dungeon Crawl Stone Soup version 0.28.0-43-g3370ac3207 (webtiles) character file.

Game seed: 7629438654805587378

147 DoubleLucky the Firebug (level 5, 0/38 HPs)
             Began as a Draconian Fire Elementalist on Feb 27, 2022.
             Succumbed to a scorpion's poison
             ... on level 3 of the Dungeon on Feb 28, 2022.
             The game lasted 00:10:01 (2904 turns).

DoubleLucky the Firebug (DrFE)                      Turns: 2904, Time: 00:10:02

Health: 0/38       AC:  6    Str: 10    XL:     5   Next: 7%
Magic:  15/18      EV: 12    Int: 17    God:
Gold:   141        SH:  0    Dex: 12    Spells: 4/10 levels left

rFire   . . .      SeeInvis .   d - +0 dagger
rCold   . . .      Faith    .   (no shield)
rNeg    . . .      Spirit   .   (armour unavailable)
rPois   .          Reflect  .   (helmet restricted)
rElec   .          Harm     .   (no cloak)
rCorr   .          Rampage  .   i - +0 pair of gloves
Will    +....                   (no boots)
Stlth   ++........              a - amulet of magic regeneration
HPRegen 0.12/turn               e - ring of willpower
MPRegen 0.56/turn               h - ring of magical power

@: brilliant, lethally poisoned (0 -> -13)
A: AC +5, unfitting armour, cold-blooded
a: no special abilities


You were on level 3 of the Dungeon.
You visited 1 branch of the dungeon, and saw 3 of its levels.

You collected 141 gold pieces.

Inventory:

Hand Weapons
 d - a +0 dagger (weapon)
Armour
 i - a +0 pair of gloves (worn)
Jewellery
 a - an amulet of magic regeneration (around neck)
 e - a ring of willpower (left hand)
 h - a ring of magical power (right hand)
Scrolls
 b - 2 scrolls of identify {unknown}
 f - a scroll of fog {unknown}
 j - a scroll of holy word {unknown}
 k - a scroll of vulnerability {unknown}
Potions
 c - a potion of brilliance
 g - 2 potions of cancellation {unknown}
 l - a potion of berserk rage {unknown}


   Skills:
 - Level 2.1 Dodging
 - Level 2.1 Stealth
 + Level 3.1 Spellcasting
 + Level 2.6 Conjurations
 + Level 4.0 Fire Magic


You had 4 spell levels left.
You knew the following spells:

 Your Spells              Type           Power      Damage    Failure   Level
a - Foxfire               Conj/Fire      80%        2x1d8     4%          1
b - Scorch                Fire           48%        2d7       4%          2
c - Conjure Flame         Conj/Fire      20%        6-21      13%         3

Your spell library contained the following spells:

 Spells                   Type           Power      Damage    Failure   Level
 Inner Flame              Hex/Fire       14%        N/A       22%         3
 Flame Wave               Conj/Fire      20%        2d7       41%         4


Dungeon Overview and Level Annotations

Branches:
Dungeon (3/15)

Altars:
Uskayaw


Innate Abilities, Weirdness & Mutations

Your plain brown scales are hard. (AC +5)
You cannot fit into any form of body armour.
You are cold-blooded and may be slowed by cold attacks.


Message History

The scorpion misses you.
Casting: Scorch (safe; 4% risk of failure)
Confirm with . or Enter, or press ? or * to list all spells.
You conjure some foxfire!
The scorpion stings you.
* * * LOW HITPOINT WARNING * * *
You are poisoned.
The scorpion poisons you!
The foxfire hits the endoplasm.
You kill the endoplasm!
Casting: Foxfire (safe; 4% risk of failure)
Confirm with . or Enter, or press ? or * to list all spells.
You conjure some foxfire!
You feel sick.
The foxfire hits the scorpion.
The scorpion is burned terribly!
The scorpion is moderately wounded.
The scorpion stings you but does no damage.
The scorpion misses you.
Casting: Foxfire (safe; 4% risk of failure)
Confirm with . or Enter, or press ? or * to list all spells.
You conjure some foxfire!
You feel sick.
The scorpion is no longer more vulnerable to fire.
The foxfire hits the scorpion.
The scorpion is moderately wounded.
The foxfire hits the scorpion.
The scorpion is heavily wounded.
The scorpion stings you.
* * * LOW HITPOINT WARNING * * *
Casting: Foxfire (safe; 4% risk of failure)
Confirm with . or Enter, or press ? or * to list all spells.
You conjure some foxfire!
* * * LOW HITPOINT WARNING * * *
You feel sick.
The foxfire hits the scorpion.
The scorpion is heavily wounded.
The foxfire hits the scorpion but does no damage.
The scorpion is heavily wounded.
The scorpion stings you.
* * * LOW HITPOINT WARNING * * *
You are more poisoned.
The scorpion poisons you!
It was a potion of brilliance.
You feel clever all of a sudden.
You die...

#####.# ####.####.#.........#
#####.# #.# ##.#####.#### ......#
#.####### #.# ####..# #......#
#.# #..# #......# #+# ####..#
#......# #.....# ##.....#
#.#..##### #ยง....###.......##
#........#######@..####.........#
...............vsv....+.........+
#....###.#######...####.........#
#.....##.# #...# #.......#
###.#.##.# #.### #.....# #......#
#.# ##...#### ###.#### #.#
#........ #.# #.# #.#.####.
#####.# #.# #.#.#


You could see a scorpion (ally target).

Vanquished Creatures
  3 gnolls (D:2)
  4 adders
  A worm (D:3)
  A dart slug (D:3)
  8 endoplasms
  3 giant cockroaches
  8 goblins
  6 hobgoblins
  9 jackals
  A quokka (D:3)
  5 ball pythons
  6 bats
  3 frilled lizards
  A giant cockroach zombie (D:3)
  8 kobolds
  5 rats
72 creatures vanquished.

Vanquished Creatures (collateral kills)
  A foxfire (D:1)
1 creature vanquished.

Vanquished Creatures (others)
  236 foxfires
236 creatures vanquished.

Grand Total: 309 creatures vanquished

Notes
Turn   | Place    | Note
-------+----------+-------------------------------------------
     0 | D:1      | DoubleLucky the Draconian Fire Elementalist began the quest
                  | for the Orb.
     0 | D:1      | Reached XP level 1. HP: 14/14 MP: 3/3
    93 | D:1      | Reached XP level 2. HP: 15/20 MP: 3/5
   217 | D:1      | Upgraded the game from 0.28.0-1-gb440e238dd to
                  | 0.28.0-43-g3370ac3207
   528 | D:1      | Learned a level 2 spell: Scorch
   899 | D:1      | Reached XP level 3. HP: 26/26 MP: 2/6
  1400 | D:2      | Reached XP level 4. HP: 33/33 MP: 5/8
  1577 | D:2      | Found a faded altar of an unknown god.
  2217 | D:3      | Identified the +3 scale mail of Sif Muna's Indignation {rF+
                  | rN++ Stlth+}
  2300 | D:3      | Noticed a +0 hand axe
  2302 | D:3      | Noticed a +0 dagger
  2304 | D:3      | Found a hide-covered altar of Uskayaw.
  2451 | D:3      | Reached XP level 5. HP: 38/38 MP: 9/9
  2473 | D:3      | Learned a level 3 spell: Conjure Flame
  2500 | D:3      | Reached skill level 4 in Fire Magic
  2904 | D:3      | Succumbed to a scorpion's poison

Illustrated notes

Levels and vault maps discovered:
D:1:      giann_forest_graveyard, layout_basic, st_stairs_7
D:2:      layout_basic, dreamdust_ecumenical_altar_statues
D:3:      minmay_spotlight, layout_loops_corners, dancing_weapons_uskayaw,
          serial_glass, glass_columns_b, glass_columns_b, due_unseen_surprise,
          grunt_ministairs_12

Skill      XL: |  1  2  3  4  5 |
---------------+----------------+-----
Stealth        | 2 |  2.1
Dodging        | 2 |  2.1
Conjurations   | 2 |  2.6
Spellcasting   | 3 |  3.1
Fire Magic     | 4 |  4.0

Action                   |  1- 3 |  4- 6 || total
-------------------------+-------+-------++-------
Melee: Unarmed           |     2 |       ||     2
       Dagger            |    13 |     9 ||    22
       Tailslap          |     4 |       ||     4
 Cast: Foxfire           |    80 |    77 ||   157
       Scorch            |     1 |     2 ||     3
  Use: Potion            |       |     1 ||     1
 Stab: Sleeping          |     1 |       ||     1
Armor: Skin              |     5 |     6 ||    11
Dodge: Dodged            |    10 |    13 ||    23
